 Dungeon Crawl Stone Soup version 0.30-a0-21-g5d08c37080 (webtiles) character file.

Game seed: 12441909549477933057

2380 Nekerdal the Covert (level 9, 0/39 HPs)
             Began as a Spriggan Enchanter on Aug 24, 2022.
             Was a Follower of Dithmenos.
             Slain by a fire elemental (10 damage)
             ... summoned by a deep elf pyromancer
             ... on level 7 of the Dungeon.
             The game lasted 00:15:41 (9545 turns).

Nekerdal the Covert (Spriggan Enchanter)            Turns: 9545, Time: 00:15:44

Health: 0/39       AC:  6    Str:  8    XL:     9   Next: 22%
Magic:  12/23      EV: 17    Int: 17    God:    Dithmenos [*.....]
Gold:   32         SH:  0    Dex: 15    Spells: 16/27 levels left

rFire   . . .      SeeInvis +    d - +2 dagger (elec)
rCold   . . .      Faith    .    (no shield)
rNeg    . . .      Spirit   .    b - +1 steam dragon scales
rPois   .          Reflect  .    (helmet restricted)
rElec   .          Harm     .    (no cloak)
rCorr   .          Rampage  .    (gloves unavailable)
Will    +....                    (boots unavailable)
Stlth   +++++.....               (no amulet)
HPRegen 0.13/turn                (no ring)
MPRegen 0.18/turn                (no ring)

@: wreathed by umbra, very quick
A: very small, no large weapons, unfitting armour, see invisible, speed 3
a: Renounce Religion


You were on level 7 of the Dungeon.
You worshipped Dithmenos.
Dithmenos was aware of your devotion.
You visited 2 branches of the dungeon, and saw 8 of its levels.

You collected 288 gold pieces.
You spent 256 gold pieces at shops.

Inventory:

Hand Weapons
 a - a +1 dagger
 d - a +2 dagger of electrocution (weapon)
Missiles
 q - a throwing net (quivered)
Armour
 b - +1 steam dragon scales (worn)
 p - a +2 robe of positive energy
Wands
 o - a wand of digging (9)
Scrolls
 h - 6 scrolls of teleportation
 i - a scroll of vulnerability
Potions
 c - a potion of invisibility
 e - 2 potions of might
 f - a potion of flight
 g - 2 potions of haste
 j - 7 potions of curing
 k - a potion of mutation {unknown}
 l - a potion of cancellation {unknown}
 m - 5 potions of heal wounds
 n - 2 potions of brilliance {unknown}


   Skills:
 - Level 1.1 Short Blades
 - Level 2.6 Dodging
 + Level 10.6 Stealth
 + Level 9.5 Spellcasting
 + Level 9.8 Hexes


You had 16 spell levels left.
You knew the following spells:

 Your Spells              Type           Power      Damage    Failure   Level
a - Ensorcelled Hibernat  Hex/Ice        48%        N/A       1%          2
b - Tukima's Dance        Hex            41%        N/A       1%          3
c - Dazzling Flash        Conj/Hex       48%        N/A       3%          3
d - Confusing Touch       Hex            41%        N/A       1%          3

Your spell library contained the following spells:

 Spells                   Type           Power      Damage    Failure   Level
 Slow                     Hex            100%       N/A       1%          1
 Sublimation of Blood     Necr           8%         N/A       14%         2
 Vampiric Draining        Necr           8%         2d6       26%         3
 Petrify                  Tmut/Erth      8%         N/A       65%         4
 Irradiate                Conj/Tmut      4%         3d13      94%         5


Dungeon Overview and Level Annotations

Branches:
Dungeon (7/15)             Temple (1/1) D:4

Altars:
Cheibriados
Dithmenos
Makhleb
Okawaru
Qazlal
Ru
Uskayaw
Xom
Yredelemnul
Zin

Shops:
D:7 *


Innate Abilities, Weirdness & Mutations

You are very small and have problems with some larger weapons.
You are too small for most types of armour.
You have supernaturally acute eyesight. (SInv)
You cover ground extremely quickly. (Speed+++)


Message History

Casting: Tukima's Dance (safe; 1% risk of failure)
Confirm with . or Enter, or press ? or * to list all spells.
Aiming: Tukima's Dance (safe; 1% risk of failure)
Press: ? - help, Shift-Dir - straight line, f/p - deep elf pyromancer
Aim: a deep elf pyromancer, wielding a +0 long sword and wearing a +0 leather armour (umbra, chance to affect: 50%)
The +0 long sword dances into the air!
The deep elf pyromancer misses you.
Unknown command.
Casting: Tukima's Dance (safe; 1% risk of failure)
Confirm with . or Enter, or press ? or * to list all spells.
Your hands begin to glow red.
The deep elf pyromancer mumbles some strange words.
You hit the deep elf pyromancer but do no damage.
The deep elf pyromancer appears confused.
The deep elf pyromancer closely misses you.
The deep elf pyromancer barely misses itself.
The fire elemental closely misses you.
You hit the deep elf pyromancer.
The deep elf pyromancer is lightly wounded.
The fire elemental barely misses you.
Your +0 long sword hits the deep elf pyromancer.
You strike the helpless deep elf pyromancer from behind!
You puncture the deep elf pyromancer!
The deep elf pyromancer is heavily wounded.
The fire elemental misses you. The fire elemental barely misses you.
The deep elf pyromancer barely misses you.
Your +0 long sword hits the deep elf pyromancer.
Unknown command.
You hit the deep elf pyromancer but do no damage.
The deep elf pyromancer is severely wounded.
The fire elemental hits you. The fire elemental burns you!
The fire elemental misses you.
The deep elf pyromancer closely misses your +0 long sword.
You barely miss the deep elf pyromancer.
The deep elf pyromancer is severely wounded.
The fire elemental closely misses you. The fire elemental misses you.
Your +0 long sword hits the deep elf pyromancer!
The fire elemental hits you. The fire elemental burns you!
* * * LOW HITPOINT WARNING * * *
The fire elemental hits you. The fire elemental burns you!
You die...

#.## ..##..#######o.#
##.# ..#.##.. ##..
###..# #.###.# ##o
#....# #..#.# ##
####.##.# ##...# #
.....##.# ##....# #
..##J##.## ##○.#.## #
..##.##..## ##eE##..# #
..##!.....## ##(@####.#
#
...######..###...E.###e
# ...# ##...##..#..###.
...# #..##.##.##.###.
#### #.##..##.##..# ##
#.#.##..#..# .# #
#.#.##..#..##.# ###### #
#.##..##.##..##.. ......
##
#.#.##..#..##.#.########


You could see a deep elf pyromancer (confused, ally target), 2 fire elementals
and a friendly +0 long sword.

Vanquished Creatures
  Sigmund (D:4)
  A steam dragon (D:6)
  2 water moccasins (D:7)
  2 orc warriors
  A sky beast (D:7)
  A black bear (D:7)
  2 phantoms (D:5)
  A gnoll sergeant (D:7)
  2 necrophages
  3 scorpions
  4 electric eels (D:6)
  3 howler monkeys (D:7)
  A hound (D:7)
  6 orc priests
  2 jellies
  An iguana (D:7)
  8 orc wizards
  5 gnolls
  6 adders
  A shadow imp (D:7)
  A white imp (D:7)
  An ufetubus (D:7)
  2 worms
  2 dart slugs
  16 orcs
  7 endoplasms
  4 giant cockroaches (D:1)
  4 goblins
  5 hobgoblins
  2 jackals (D:1)
  7 kobolds
  5 quokkas
  10 ball pythons
  7 bats
  4 frilled lizards
  7 rats
  A spectral hobgoblin (D:2)
138 creatures vanquished.

Vanquished Creatures (collateral kills)
  2 gnolls (D:7)
2 creatures vanquished.

Vanquished Creatures (others)
  5 dancing weapons
  3 plants (D:6)
8 creatures vanquished.

Grand Total: 148 creatures vanquished

Notes
Turn   | Place    | Note
-------+----------+-------------------------------------------
     0 | D:1      | Nekerdal the Spriggan Enchanter began the quest for the
                  | Orb.
     0 | D:1      | Reached XP level 1. HP: 9/9 MP: 5/5
   169 | D:1      | Reached XP level 2. HP: 13/13 MP: 7/7
   172 | D:1      | Learned a level 2 spell: Ensorcelled Hibernation
   714 | D:1      | Reached XP level 3. HP: 16/16 MP: 9/9
   719 | D:1      | Learned a level 3 spell: Confusing Touch
   723 | D:1      | Learned a level 3 spell: Tukima's Dance
  1534 | D:2      | Found a faded altar of an unknown god.
  1972 | D:2      | Found a shimmering altar of Xom.
  2279 | D:3      | Reached skill level 5 in Hexes
  2279 | D:3      | Reached XP level 4. HP: 21/21 MP: 11/11
  2291 | D:3      | Learned a level 3 spell: Dazzling Flash
  2726 | D:3      | Found a hide-covered altar of Uskayaw.
  3122 | D:4      | Found a staircase to the Ecumenical Temple.
  3162 | Temple   | Entered the Ecumenical Temple
  3215 | Temple   | Became a worshipper of Dithmenos the Shadowed
  3330 | D:4      | Noticed Sigmund
  3347 | D:4      | Noticed a torpor snail
  3349 | D:4      | Found a snail-covered altar of Cheibriados.
  3349 | D:4      | Noticed a torpor snail
  3351 | D:4      | Noticed a torpor snail
  3398 | D:4      | Killed Sigmund
  3399 | D:4      | Reached skill level 5 in Spellcasting
  3399 | D:4      | Reached XP level 5. HP: 24/24 MP: 9/14
  3399 | D:4      | Reached XP level 6. HP: 28/28 MP: 9/15
  4073 | D:5      | Entered Level 5 of the Dungeon
  4383 | D:5      | Reached skill level 5 in Stealth
  5338 | D:5      | Reached XP level 7. HP: 10/32 MP: 14/17
  5373 | D:5      | Reached skill level 6 in Stealth
  6666 | D:6      | Reached skill level 7 in Stealth
  7296 | D:6      | Reached XP level 8. HP: 30/36 MP: 11/20
  7317 | D:6      | Reached skill level 8 in Stealth
  8207 | D:6      | Reached skill level 9 in Stealth
  8393 | D:7      | Reached * piety under Dithmenos
  8582 | D:7      | Found Keprapod's Hallowed Reliquary.
  8582 | D:7      | Noticed an angel
  8596 | D:7      | Bought a potion of curing for 48 gold pieces
  8596 | D:7      | Bought a potion of curing for 48 gold pieces
  8596 | D:7      | Bought a potion of heal wounds for 80 gold pieces
  8596 | D:7      | Bought a potion of heal wounds for 80 gold pieces
  8868 | D:7      | Identified the +3 ring mail of the Dungeon {-Tele rElec
                  | rPois MP+9}
  9263 | D:7      | Reached skill level 10 in Stealth
  9322 | D:7      | Reached XP level 9. HP: 24/39 MP: 23/23
  9502 | D:7      | Noticed a deep elf pyromancer
  9545 | D:7      | Slain by a fire elemental

Illustrated notes

Levels and vault maps discovered:
D:1:      wander_arrival_estate, layout_basic
D:2:      layout_loops_ring, dreamdust_ecumenical_altar_drowned_temple,
          basic_altar, serial_glass, glass_columns_a, glass_columns_c,
          glass_columns_b, glass_columns_a, minmay_strange_pillars,
          feat_on_display, item_on_display_a, feat_on_display,
          kennysheep_generic_room_7
D:3:      layout_loops_ring, nicolae_uskayaw_suspiria
D:4:      layout_loops_ring, cheibriados_altar_2, minmay_temple_entry_grid,
          uniq_sigmund
D:5:      layout_basic
D:6:      layout_basic, serial_bayou, serial_bayou_crossing,
          serial_bayou_pond_d, serial_bayou_pond_e, serial_bayou_ford_a
D:7:      minmay_the_grid_octo_triangle [minmay_the_grid_octo_77,
          minmay_the_grid_octo_prize_big_c, minmay_the_grid_octo_checkerflower],
          layout_basic, nicolae_good_shop
Temple:   regret_index_temple_waves

Skill      XL: |  1  2  3  4  5  6  7  8 |
---------------+-------------------------+-----
Spellcasting   | 3 4 5 6 7 9 |  9.5
Hexes          | 4 5 6 7 8 9 |  9.8
Stealth        | 5 7 10 | 10.6
Short Blades   | |  1.1
Dodging        | |  2.6

Action                   |  1- 3 |  4- 6 |  7- 9 || total
-------------------------+-------+-------+-------++-------
Melee: Dagger            |   102 |   115 |   158 ||   375
       Punch             |       |       |     1 ||     1
 Cast: Ensorcelled Hiber |     3 |    11 |    37 ||    51
       Tukima's Dance    |       |     5 |    17 ||    22
       Confusing Touch   |       |     1 |     7 ||     8
  Use: Potion            |     1 |       |     3 ||     4
       Scroll            |     5 |     6 |     4 ||    15
 Stab: Sleeping          |    21 |    16 |    27 ||    64
       Confused          |       |       |     7 ||     7
       Distracted        |       |       |     1 ||     1
       Invisible         |       |       |     1 ||     1
Armor: Robe              |     5 |     3 |     6 ||    14
       Steam dragon scal |       |       |    12 ||    12
Dodge: Dodged            |    50 |    68 |   102 ||   220

Table legend: (Time is in decaauts)
 A = Elapsed time spent in this place.
 B = Non-inter-level travel time spent in this place.
 C = Inter-level travel time spent in this place.
 D = Time resting spent in this place.
 E = Time spent auto-exploring this place.
 F = Levels seen in this place.
 G = Mean time per level.
                   A        B        C        D        E       F      G
               +--------+--------+--------+--------+--------+-----+--------+
         Total |   7727 |   7574 |    153 |   1704 |   4790 |   8 |  965.9 |
       Dungeon |   7681 |   7541 |    140 |   1704 |   4773 |   7 | 1097.3 |
        Temple |     45 |     32 |     13 |      0 |     16 |   1 |   45.0 |
               +--------+--------+--------+--------+--------+-----+--------+

Top non-repeatable levels by time:
     D:5: 2310 daAuts
     D:6: 1352 daAuts
     D:7: 1040 daAuts
     D:2: 940 daAuts
     D:1: 784 daAuts
     D:3: 634 daAuts
     D:4: 617 daAuts
  Temple: 45 daAuts
